 Dungeon Crawl Stone Soup version 0.30-a0-739-gea05faddec (webtiles) character file.

Game seed: 12745777924834259173

91 KleinerIrrer the Gusty (level 4, -3/29 HPs)
             Began as an Octopode Air Elementalist on Feb 4, 2023.
             Slain by a gnoll
             ... wielding a +0 spear
              (10 damage)
             ... on level 3 of the Dungeon.
             The game lasted 00:04:16 (2271 turns).

KleinerIrrer the Gusty (Octopode Air Elementalist)  Turns: 2271, Time: 00:04:16

Health: -3/29      AC:  1    Str:  9    XL:     4   Next: 57%
Magic:  2/7        EV: 13    Int: 17    God:
Gold:   23         SH:  0    Dex: 12    Spells: 4/7 levels left

rFire   . . .      SeeInvis .    h - staff of air
rCold   . . .      Faith    .    (no shield)
rNeg    . . .      Spirit   .    (helmet restricted)
rPois   .          Reflect  .    (no amulet)
rElec   +          Harm     .    (no ring)
rCorr   .          Rampage  .    (no ring)
Will    .....                    (no ring)
Stlth   +++                      (no ring)
HPRegen 0.24/turn                (no ring)
MPRegen 0.10/turn                (no ring)
                                 (no ring)
                                 (no ring)

@: no status effects
A: almost no armour, amphibious, 8 rings, camouflage 1, gelatinous body 1,
(nimble swimmer 1), tentacles
a: no special abilities


You were on level 3 of the Dungeon.
You visited 1 branch of the dungeon, and saw 3 of its levels.

You collected 23 gold pieces.

Inventory:

Missiles
 c - 2 poisoned darts
Magical Staves
 h - a staff of air (weapon)
Scrolls
 d - 3 scrolls of teleportation {unknown}
 k - a scroll of identify {unknown}
 m - a scroll of immolation {unknown}
Potions
 a - a potion of magic
 b - 2 potions of heal wounds {unknown}
 e - a potion of berserk rage {unknown}
 f - a potion of lignification {unknown}
 g - a potion of degeneration {unknown}
 i - 2 potions of curing {unknown}
 j - a potion of flight {unknown}
 l - a potion of haste {unknown}


   Skills:
 + Level 2.1 Fighting
 - Level 2.0 Dodging
 - Level 2.6 Stealth
 - Level 2.4 Unarmed Combat
 + Level 2.4 Spellcasting
 - Level 1.0 Conjurations
 + Level 3.3 Air Magic


You had 4 spell levels left.
You knew the following spells:

 Your Spells              Type           Power      Damage    Failure   Level
a - Shock                 Conj/Air       56%        1d6       8%          1
b - Static Discharge      Conj/Air       28%        2-4/arc   12%         2

Your spell library contained the following spells:

 Spells                   Type           Power      Damage    Failure   Level
 Swiftness                Air            20%        N/A       14%         3
 Sublimation of Blood     Necr           2%         N/A       28%         2
 Airstrike                Air            10%        2d(2-18)  43%         4
 Petrify                  Tmut/Erth      2%         N/A       88%         4
 Irradiate                Conj/Tmut      1%         3d12      99%         5


Dungeon Overview and Level Annotations

Branches:
Dungeon (3/15)

Altars:


Innate Abilities, Weirdness & Mutations

You cannot wear most types of armour.
You are amphibious.
You can wear up to eight rings at the same time.
Your skin changes colour to match your surroundings (Stealth+).
Your rubbery body absorbs attacks. (AC +1, EV +1)
((You are camouflaged when in or above water. (Stealth+)))
You have tentacles for arms and can constrict up to eight enemies at once.


Message History

Aim: a gnoll, wielding a +0 spear (75% to hit)
You feel a surge of power!
The zap hits the gnoll.
The gnoll is lightly wounded.
The gnoll closely misses you.
Casting: Shock (safe; 8% risk of failure)
Confirm with . or Enter, or press ? or * to list all spells.
Aiming: Shock (safe; 8% risk of failure)
Press: ? - help, Shift-Dir - straight line, f/p - gnoll
Aim: a gnoll, wielding a +0 spear (lightly wounded, 75% to hit)
You feel a surge of power!
The zap hits the gnoll.
The gnoll is moderately wounded.
The zap hits the orc.
You kill the orc!
The gnoll hits you from afar with a +0 spear.
Casting: Shock (safe; 8% risk of failure)
Confirm with . or Enter, or press ? or * to list all spells.
Aiming: Shock (safe; 8% risk of failure)
Press: ? - help, Shift-Dir - straight line, f/p - gnoll
Aim: a gnoll, wielding a +0 spear (moderately wounded, 75% to hit)
You feel a surge of power!
The zap hits the gnoll.
The gnoll is heavily wounded.
The gnoll completely misses you.
Casting: Shock (safe; 8% risk of failure)
Confirm with . or Enter, or press ? or * to list all spells.
Aiming: Shock (safe; 8% risk of failure)
Press: ? - help, Shift-Dir - straight line, f/p - gnoll
Aim: a gnoll, wielding a +0 spear (heavily wounded, 75% to hit)
You feel a surge of power!
The zap hits the gnoll.
The gnoll is severely wounded.
The gnoll hits you from afar with a +0 spear.
Casting: Shock (safe; 8% risk of failure)
Confirm with . or Enter, or press ? or * to list all spells.
Aiming: Shock (safe; 8% risk of failure)
Press: ? - help, Shift-Dir - straight line, f/p - gnoll
Aim: a gnoll, wielding a +0 spear (severely wounded, 75% to hit)
You feel a surge of power!
The zap misses the gnoll.
The gnoll hits you from afar with a +0 spear.
* * * LOW HITPOINT WARNING * * *
The gnoll hits you from afar with a +0 spear!
You die...

#.# ># ############.# ..
...........#.# .#
########<.###.# .#
#.........# #.#
##.####.####.#..# #.#
#.........@^.#..# #.#
.######..####)g#####..###.#
............#.............#
.##...#..##.#.g#####..#####
#...#..##.#.........#
#...#..##.#..#####.##
###...#..##.#.g......#
......#..##.#o#############
#######...................#


You could see a gnoll.

Vanquished Creatures
  A gnoll (D:2)
  2 adders
  A dart slug (D:1)
  4 orcs (D:3)
  3 ball pythons
  7 bats
  An endoplasm (D:1)
  2 giant cockroaches
  8 goblins
  5 hobgoblins
  2 jackals (D:1)
  5 quokkas (D:1)
  3 frilled lizards
  5 kobolds
  3 rats
52 creatures vanquished.

Notes
Turn   | Place    | Note
-------+----------+-------------------------------------------
     0 | D:1      | KleinerIrrer the Octopode Air Elementalist began the quest
                  | for the Orb.
     0 | D:1      | Reached XP level 1. HP: 11/11 MP: 3/3
    79 | D:1      | Reached skill level 1 in Unarmed Combat
   148 | D:1      | Reached XP level 2. HP: 18/18 MP: 1/5
   421 | D:1      | Reached skill level 1 in Fighting
   742 | D:1      | Reached XP level 3. HP: 21/23 MP: 2/6
  1317 | D:2      | Learned a level 2 spell: Static Discharge
  1646 | D:2      | Reached XP level 4. HP: 29/29 MP: 7/7
  2061 | D:3      | Found a faded altar of an unknown god.
  2271 | D:3      | Slain by a gnoll

Illustrated notes

Levels and vault maps discovered:
D:1:      dpeg_arrival_short_road, layout_basic, st_stairs_7
D:2:      layout_rooms
D:3:      layout_basic, gammafunk_temple_overflow_statue,
          shapermc_ecumenical_altar_totnotflames

Skill      XL: |  1  2  3  4 |
---------------+-------------+-----
Unarmed Combat | 1 2 |  2.4
Fighting       | 1 2 |  2.1
Dodging        | |  2.0
Stealth        | |  2.6
Spellcasting   | |  2.4
Conjurations   | |  1.0
Air Magic      | |  3.3

Action                     |  1- 3 |  4- 6 || total
---------------------------+-------+-------++-------
  Melee: Unarmed           |    25 |       ||    25
         Tentacles         |     9 |     2 ||    11
         Constrict         |     8 |     2 ||    10
         Staff             |     7 |    11 ||    18
         Punch             |     1 |     1 ||     2
   Cast: Shock             |    55 |    24 ||    79
   Stab: Sleeping          |     2 |     1 ||     3
 Armour: Skin              |     4 |       ||     4
  Dodge: Dodged            |    17 |    14 ||    31

Table legend: (Time is in decaauts)
 A = Elapsed time spent in this place.
 B = Non-inter-level travel time spent in this place.
 C = Inter-level travel time spent in this place.
 D = Time resting spent in this place.
 E = Time spent auto-exploring this place.
 F = Levels seen in this place.
 G = Mean time per level.
                   A        B        C        D        E       F      G
               +--------+--------+--------+--------+--------+-----+--------+
         Total |   2274 |   2249 |     25 |     64 |   1905 |   3 |  758.0 |
       Dungeon |   2274 |   2249 |     25 |     64 |   1905 |   3 |  758.0 |
               +--------+--------+--------+--------+--------+-----+--------+

Top non-repeatable levels by time:
     D:1: 1222 daAuts
     D:2: 641 daAuts
     D:3: 410 daAuts
